[Event "Early-Titled-Tuesday-Blitz-October-17-2023"]
[Site "Chess.com"]
[Date "2023.10.17"]
[Round "7"]
[White "santosalberto1987"]
[Black "Wizard_97"]
[Result "0-1"]
[WhiteElo "2433"]
[BlackElo "2584"]
[TimeControl "180+1"]
[EndTime "9:21:54 PDT"]
[Termination "Wizard_97 won by resignation"]

1. e4 c5 2. Nf3 d6 3. Bb5+ Bd7 4. Bxd7+ Qxd7 5. c4 g6 6. Nc3 Bg7 7. d4 cxd4 8. Nxd4 Nf6 9. f3 O-O 10. Be3 Rc8 11. b3 Nc6 12. Rc1 a6 13. a4 Qd8 14.
Qd2 h5 15. O-O Ne5 16. h3 Qa5 17. Rfd1 Nc6 18. Kf2 Nd7 19. Nd5 Qxd2+ 20. Rxd2 Kf8 21. Rcd1 Rab8 22. Nc2 b5 23. axb5 axb5 24. cxb5 Rxb5 25. b4 Nde5 26. Nd4 Nxd4 27. Bxd4 Rc4 28. Ra2 Ng4+ 29.
hxg4 Bxd4+ 30. Kg3 hxg4 31. Kxg4 e6 32. Nf4 Rcxb4 33.
Ne2 Be5 34. Kh3 Rb6 35. Rad2 Ke7 36. Ra2 Bf6 37. Rad2 Be5 38. Ra2 g5 39. Ra7+ Kf6 40.
Rd7 Rb2 41. Ng3 Ra6 42. Nh5+ Kg6 43. Ng3 Raa2 44. Rg1 Bd4 45. Rh1 Rxg2 46. Nh5 Be5 47. f4 gxf4 48. Rxf7 Kxf7 49. Kh4 f3 0-1

[Event "Early-Titled-Tuesday-Blitz-October-17-2023"]
[Site "Chess.com"]
[Date "2023.10.17"]
[Round "7"]
[White "Iskusnyh"]
[Black "Alenzer"]
[Result "1-0"]
[WhiteElo "2569"]
[BlackElo "2095"]
[TimeControl "180+1"]
[EndTime "9:21:59 PDT"]
[Termination "Iskusnyh won by resignation"]

1. d4 d5 2. c4 dxc4 3. e3 e5 4. Bxc4 exd4 5. exd4 Nf6 6. Nf3 Bd6 7. Nc3 O-O 8. O-O a6 9. Bg5 Bg4 10. h3 Bh5 11. g4 Bg6 12. Ne5 Bxe5 13. dxe5 Qxd1 14. Raxd1 Ne4 15. Nxe4 Bxe4 16. e6 fxe6 17. Bxe6+ Kh8 18. Be7 Re8 19. Bf7 Rc8 20. Rd4 Bg6 21. Bxg6 hxg6 22.
Rfd1 Nc6 23. Rd7 Ne5 24. R7d5 Nc6 25. Bg5 Rf8 26. Kg2 Rf7 27. Be3 Raf8 28. Bc5 Re8 29. Rd7 Rxd7 30. Rxd7 Re5 31. Bf8 Kg8 32. Bxg7 Re7 33.
Rxe7 Nxe7 34. Bc3 Kf7 35. Kf3 Ke6 36. Ke4 Nd5 37. f4 Ne7 38. h4 b5 39. Bd4 a5 40. h5 gxh5 41. f5+ Kf7 42. gxh5 c6 43. Ke5 Ng8 44. Kd6 Nh6 45. f6 Nf5+ 46. Kc5 Ke6 47.
Bf2 Kxf6 48. Kxc6 b4 49. Kb5 Kg5 50. Kxa5 b3 51. a4 Nd6 52. Kb4 Kxh5 53. a5 Kg6 54.
a6 Nc8 55. a7 1-0

[Event "Early-Titled-Tuesday-Blitz-October-17-2023"]
[Site "Chess.com"]
[Date "2023.10.17"]
[Round "7"]
[White "Msb2"]
[Black "SAInt_666"]
[Result "1-0"]
[WhiteElo "3061"]
[BlackElo "2769"]
[TimeControl "180+1"]
[EndTime "9:22:00 PDT"]
[Termination "Msb2 won on time"]

1. d4 Nf6 2. c4 e6 3. Nc3 Bb4 4. e3 O-O 5. Bd2 c5 6. a3 Bxc3 7. Bxc3 Ne4 8. Ne2 b6 9. d5 Ba6 10. Qd3 Nxc3 11. Nxc3 e5 12. d6 Nc6 13. Qf5 g6 14.
Qf3 f5 15. Qd5+ Kh8 16. Be2 Qf6 17. O-O Rae8 18. b4 e4 19. Qd2 Ne5 20. bxc5 bxc5 21.
Nd5 Qxd6 22. Qc3 Kg8 23. Rfd1 Nc6 24. Rab1 Qe5 25. Qxe5 Rxe5 26. Nc7 Bc8 27. Nb5 Re7 28. Nd6 Ba6 29. h4 Rb8 30. Rxb8+ Nxb8 31. Nb5 Nc6 32. Rd5 Kg7 33. Rxc5 Re5 34. Rxe5 Nxe5 35. Nxa7 d5 36. Nb5 dxc4 37. Nc3 Kf7 38. f4 exf3 39. gxf3 Ke6 40. f4 Nd7 41. e4 fxe4 42. Bg4+ Ke7 43. Bxd7 Kxd7 44. Kf2 Bb7 45. Ke3 Kd6 46. Nxe4+ Kd5 47.
Nc3+ Kc5 48. Ne4+ Kb6 49. Nd6 Bd5 50. Kd4 Be6 51. Nxc4+ Kb5 52. Nb2 Bf7 53. Kc3 Be6 54. Nd3 1-0

[Event "Early-Titled-Tuesday-Blitz-October-17-2023"]
[Site "Chess.com"]
[Date "2023.10.17"]
[Round "7"]
[White "GradualismUnleashed"]
[Black "RobertoJBM"]
[Result "1/2-1/2"]
[WhiteElo "2627"]
[BlackElo "2790"]
[TimeControl "180+1"]
[EndTime "9:22:00 PDT"]
[Termination "Game drawn by agreement"]

1. e4 c6 2. d4 d5 3. e5 Bf5 4. h4 Qb6 5. g4 Bd7 6. c3 c5 7. dxc5 Qxc5 8. Be3 Qc7 9. Bg2 Qxe5 10. Qxd5 Qxd5 11.
Bxd5 Bc6 12. Bxc6+ Nxc6 13. Na3 Nf6 14. f3 O-O-O 15.
Ne2 e6 16. Nb5 a6 17. Nbd4 Nxd4 18. Nxd4 Nd5 19. Bf2 h5 20. g5 g6 21. O-O-O Bd6 22. Rhe1 Rd7 23. Kc2 Rhd8 24. a4 Ne7 25. b4 Bc7 26. b5 axb5 27. axb5 Bb6 28. Ra1 Nf5 29. Nxe6 Rd2+ 30. Kb3 Rxf2 31. Ra8+ Kd7 32. Nxd8 Bxd8 33. Rd1+ Nd6 34. Rxd8+ Kxd8 35. Rxd6+ Kc8 36. Rf6 Rh2 37. Rxf7 Rxh4 38. f4 Rg4 39. Kc4 Rg3 40. Kd4 h4 41. c4 b6 42. Kd5 Rc3 43. Rh7 h3 44. f5 gxf5 45. g6 Rg3 46. g7 h2 47. Rxh2 Rxg7 48.
Rh8+ Kc7 49. Rf8 Rd7+ 50. Ke5 Kb7 51. Rxf5 Rc7 52. Kd4 Rd7+ 53. Rd5 Rh7 54. Re5 Rh4+ 55. Kd5 Rh7 56. Re6 Rh5+ 57. Kd6 Rc5 58. Re7+ Kb8 59. Re4 Kb7 60. Re7+ Kb8 61. Re8+ Kb7 62. Re4 Kb8 63. Rd4 Kb7 64. Rd5 Rxc4 65. Re5 Rc7 66. Re7 1/2-1/2

[Event "Early-Titled-Tuesday-Blitz-October-17-2023"]
[Site "Chess.com"]
[Date "2023.10.17"]
[Round "7"]
[White "kingofthenil"]
[Black "frederiksvane"]
[Result "1-0"]
[WhiteElo "2741"]
[BlackElo "2892"]
[TimeControl "180+1"]
[EndTime "9:22:01 PDT"]
[Termination "kingofthenil won by checkmate"]

1. Nf3 d5 2. e3 Bg4 3. c4 e6 4. Qb3 Bxf3 5. Qxb7 Nd7 6. gxf3 Ngf6 7. Nc3 Rb8 8. Qc6 Bd6 9. cxd5 exd5 10. Nxd5 O-O 11.
f4 Ne4 12. Bg2 Nec5 13. O-O Rb7 14. Nc3 Rb6 15. Qf3 Nd3 16. Na4 Rb4 17. b3 Nxf4 18. exf4 Rxf4 19. Qc3 Be5 20. d4 Bxd4 21. Bxf4 Bxc3 22.
Nxc3 c6 23. Bg3 Nf6 24. Rad1 Qa5 25. Na4 h5 26. Rfe1 Rd8 27. Bxc6 Rxd1 28. Rxd1 Qb4 29. h4 Ne4 30. Bxe4 Qxe4 31. Nc3 Qc2 32. Rd8+ Kh7 33.
Nd5 Qxa2 34. Rd7 Qxb3 35. Nf4 a5 36. Nh3 f6 37. Nf4 Kh6 38. Rd8 Kh7 39. Rd7 Qf3 40. Ne6 Kg6 41. Rxg7+ Kh6 42. Bf4+ Qxf4 43. Nxf4 Kxg7 44. Ne6+ Kg6 45. Nc5 Kf5 46. Kg2 Kg4 47.
Nd7 f5 48. Ne5+ Kf4 49. Nc4 a4 50. f3 a3 51. Nxa3 Ke3 52. Nc4+ Kf4 53. Nd2 Ke3 54.
Nf1+ Kf4 55. Kf2 Ke5 56. Ke3 Kd5 57. Kf4 Kd4 58. Ng3 Kd3 59. Nxh5 Ke2 60. Ng3+ Kf2 61.
Nxf5 Kg2 62. h5 Kh3 63. h6 Kg2 64. h7 Kg1 65. h8=Q Kf2 66. Qh2+ Ke1 67. Ke3 Kd1 68. Qd2# 1-0

[Event "Early-Titled-Tuesday-Blitz-October-17-2023"]
[Site "Chess.com"]
[Date "2023.10.17"]
[Round "7"]
[White "rasmussvane"]
[Black "Iball95"]
[Result "1/2-1/2"]
[WhiteElo "2988"]
[BlackElo "2829"]
[TimeControl "180+1"]
[EndTime "9:22:05 PDT"]
[Termination "Game drawn by repetition"]

1. Nf3 d5 2. g3 Nf6 3. Bg2 c5 4.
O-O Nc6 5. d4 e6 6. e3 Be7 7. b3 O-O 8. Bb2 b6 9. c4 Ba6 10. Nbd2 Rc8 11. Rc1 cxd4 12. exd4 Bb4 13.
Re1 Na5 14. cxd5 Nxd5 15. Rxc8 Qxc8 16. a3 Bc3 17. Qa1 Bxd2 18. Nxd2 Qc2 19. Qc1 Qxc1 20. Rxc1 Rc8 21. Rxc8+ Bxc8 22. Bxd5 exd5 23. Bc3 Nc6 24. f3 f6 25. Kf2 Kf7 26. g4 g6 27. Ke3 Bd7 28.
h3 g5 29. f4 f5 30. fxg5 fxg4 31. hxg4 Bxg4 32. Kf4 Bd7 33. Nf1 Kg6 34. Ne3 Be6 35. a4 a5 36. Ng2 h6 37. gxh6 Kxh6 38. Nh4 Kg7 39. Kg5 Kf7 40. Nf3 Ke7 41. Kf4 Kf6 42.
Ne5 Ne7 43. Be1 Nf5 44. Bf2 Ke7 45. Nf3 Kd6 46. Ng5 Ne7 47. Bg3 Kd7 48. Nf3 Nc6 49. Bf2 Bf7 50. Bh4 Bg6 51. Ke3 Bc2 52. Nd2 Nb4 53.
Bg3 Bf5 54. Bh4 Nc2+ 55. Kf4 Be6 56. Bf2 Nb4 57. Nf3 Nc6 58. Ne5+ Nxe5 59. dxe5 d4 60.
Bxd4 Bxb3 61. Bxb6 Bxa4 62. Bxa5 Ke6 63. Bc3 Bb5 64. Bd4 Ba4 65. Bb2 Bb5 66. Bc3 Ba4 67.
Bb2 Bb5 68. Bc3 Ba4 69. Bb2 1/2-1/2

[Event "Early-Titled-Tuesday-Blitz-October-17-2023"]
[Site "Chess.com"]
[Date "2023.10.17"]
[Round "7"]
[White "GMSrinath"]
[Black "Martial2008"]
[Result "0-1"]
[WhiteElo "2839"]
[BlackElo "2641"]
[TimeControl "180+1"]
[EndTime "9:22:06 PDT"]
[Termination "Martial2008 won by resignation"]

1. Nf3 Nf6 2. c4 e6 3. d4 d5 4.
g3 dxc4 5. Bg2 a6 6. O-O Nc6 7.
Nbd2 Nxd4 8. Nxc4 Nxf3+ 9. Bxf3 Qxd1 10. Rxd1 Nd5 11. e4 Nb6 12. Nxb6 cxb6 13. e5 Bc5 14. a3 a5 15. Bg5 Bd7 16. Bxb7 Rb8 17. Be4 Ba4 18. Rd2 h6 19. Bf4 g5 20. Be3 Bxe3 21.
fxe3 Ke7 22. Rf1 Rbc8 23. Rdf2 Be8 24. b4 axb4 25. axb4 Rc4 26. Bd3 Rxb4 27. Ra1 Rb3 28. Ra7+ Kf8 29. Bg6 g4 30. e4 Rf3 31. Rxf3 gxf3 32.
Bh5 Rg8 33. Bxf3 Rg5 34. Rb7 b5 35. Kf2 Rxe5 36. Rc7 b4 37. Ke3 Rb5 38. Be2 Rb8 39.
Kd2 b3 40. Kc1 b2+ 41. Kb1 Ba4 42. Bd3 Kg7 43. Ra7 Bb5 44. Bc2 Bc4 45. Ra4 Be2 46. Ra2 Kf6 47. Rxb2 Rxb2+ 48. Kxb2 Kg5 49. Kc3 Kg4 50.
Kd4 f6 51. e5 fxe5+ 52. Kxe5 Bc4 53. Kd4 Ba2 54. Ke3 Kh3 55. Kf2 Kxh2 56. Be4 Kh3 57.
Kf3 Bd5 58. Bxd5 exd5 59. Kf4 d4 0-1

[Event "Early-Titled-Tuesday-Blitz-October-17-2023"]
[Site "Chess.com"]
[Date "2023.10.17"]
[Round "7"]
[White "MdChess1734"]
[Black "invisible_s0ul"]
[Result "1-0"]
[WhiteElo "2419"]
[BlackElo "2278"]
[TimeControl "180+1"]
[EndTime "9:22:06 PDT"]
[Termination "MdChess1734 won by resignation"]

1. e4 c5 2. Nf3 d6 3. d4 cxd4 4. Nxd4 Nf6 5. Nc3 a6 6. Bg5 e6 7. f4 Be7 8. Qf3 Qc7 9. O-O-O Nbd7 10. g4 b5 11. Bxf6 Nxf6 12. g5 Nd7 13. f5 O-O 14. Rg1 Ne5 15. Qf2 b4 16. Nce2 Bb7 17. f6 Bd8 18.
Nf4 Bxe4 19. Bg2 Bxg2 20. Qxg2 Rc8 21. fxg7 Re8 22. h4 Nc4 23. Qf2 Qa5 24. Kb1 e5 25. Nb3 Qb6 26. Qe2 Qe3 27. Qxe3 Nxe3 28. Nh5 Nxd1 29.
Rxd1 Bc7 30. Nf6+ Kxg7 31. Nxe8+ Rxe8 32. Nd2 d5 33. Nf1 d4 34. Ng3 Kg6 35. Ne4 Re6 36. Rf1 Kh5 37. Rxf7 Bb6 38. Rxh7+ Kg4 39. Nf6+ Kh3 40.
Kc1 e4 41. Kd2 e3+ 42. Ke2 Bc7 43. Nd5 Bg3 44. h5 Kg4 45. g6 Re5 46. g7 Rg5 47.
Nf6+ Kh4 48. g8=Q Rxg8 49. Nxg8 Kh3 50. h6 Be5 51. Rf7 a5 52. h7 a4 53. Nf6 1-0

[Event "Early-Titled-Tuesday-Blitz-October-17-2023"]
[Site "Chess.com"]
[Date "2023.10.17"]
[Round "7"]
[White "m_ezat"]
[Black "ChessSkool"]
[Result "1/2-1/2"]
[WhiteElo "2551"]
[BlackElo "2675"]
[TimeControl "180+1"]
[EndTime "9:22:07 PDT"]
[Termination "Game drawn - insufficient material"]

1. d4 Nf6 2. c4 g6 3. Nc3 d5 4. Bf4 Bg7 5. Rc1 dxc4 6. e3 c5 7. dxc5 Nfd7 8. Bxc4 O-O 9. Nf3 Nc6 10. O-O Nxc5 11.
Qxd8 Rxd8 12. Ng5 Ne6 13. Nxe6 Bxe6 14. Bxe6 fxe6 15. Ne4 Rd5 16. Rc2 h6 17. a3 Kf7 18.
h3 g5 19. Bg3 Kg6 20. b4 Rf8 21. Nc5 Nd8 22. Bc7 b6 23. Bxd8 Rfxd8 24. Nxe6 R8d7 25. Nc7 Rd3 26. a4 Rb3 27. Rc6+ Bf6 28. e4 Kf7 29. Nd5 e6 30. Nc7 Rxb4 31. f3 Rxa4 32. Nxe6 Ra1 33. Nxg5+ hxg5 34. Rxf6+ Kxf6 35. Rxa1 b5 36. Ra6+ Ke5 37. Kf2 Kd4 38. h4 gxh4 39. Ke2 b4 40.
Rc6 b3 41. Kd2 Rb7 42. Kc1 b2+ 43. Kb1 Ke3 44. Rc2 Kf4 45. Rxb2 Rxb2+ 46. Kxb2 Kg3 47. e5 Kxg2 48. e6 h3 49. e7 h2 50. e8=Q h1=Q 51. Qe2+ Kg3 52. Qe5+ Kg2 53. Qg5+ Kf2 54. Qd2+ Kg3 55.
Qd6+ Kf2 56. Qc5+ Kg2 57. Qxa7 Qf1 58. Qe3 Qxf3 59. Qxf3+ Kxf3 1/2-1/2

[Event "Early-Titled-Tuesday-Blitz-October-17-2023"]
[Site "Chess.com"]
[Date "2023.10.17"]
[Round "7"]
[White "Grossboss19"]
[Black "Journey_to_GrandMaster_YT"]
[Result "1-0"]
[WhiteElo "2495"]
[BlackElo "2610"]
[TimeControl "180+1"]
[EndTime "9:22:07 PDT"]
[Termination "Grossboss19 won by resignation"]

1. d4 d6 2. Nc3 Nf6 3. e4 e5 4. dxe5 dxe5 5. Qxd8+ Kxd8 6. Nf3 Bd6 7. Bg5 c6 8. O-O-O Ke7 9. Nh4 h6 10. Bxf6+ gxf6 11. Nf5+ Bxf5 12. exf5 Nd7 13. Ne4 Bc7 14. Be2 Rad8 15. Rd3 Nb6 16. Rhd1 Nd5 17. g3 b5 18. a3 a5 19. b3 b4 20. c4 bxc3 21.
Nxc3 Nb6 22. Rxd8 Rxd8 23. Rxd8 Bxd8 24. Bf3 Kd6 25. Kd2 Nd7 26. b4 axb4 27. axb4 Nb6 28. Kd3 Kc7 29. Bh5 Be7 30. b5 Bc5 31. Ne4 Be7 32. bxc6 Kxc6 33. Bxf7 Kb5 34. Be8+ Kb4 35. h4 Nc4 36. Bf7 Nb2+ 37. Ke2 Na4 38. g4 Nc3+ 39. Kd3 Nxe4 40. Kxe4 Kc5 41. Bg8 Kd6 42. f3 Bd8 43. Ba2 Ba5 44. g5 fxg5 45. hxg5 hxg5 46. f6 Bd8 47. Kf5 Ba5 48. Kxg5 Kd7 49. Kg6 Bb4 50. Kf7 Kd8 51. Bc4 Kd7 52. Bb5+ Kd8 53. Kg8 Kc7 54. f7 Kb6 55. Bd3 Bd6 56. Be4 Kc5 57.
f8=Q Bxf8 58. Kxf8 Kd6 59. Kf7 Kd7 60. Kf6 Kd6 61.
Kf5 Kd7 62. Kxe5 Ke7 63. f4 Ke8 64. Kf6 Kf8 65. Bd5 Ke8 66. Kg7 Ke7 67. f5 Kd6 68. Ba2 Ke5 69. f6 Kd6 70. f7 Ke5 71. f8=Q 1-0

[Event "Early-Titled-Tuesday-Blitz-October-17-2023"]
[Site "Chess.com"]
[Date "2023.10.17"]
[Round "7"]
[White "Kostya0705"]
[Black "alsdesdentao"]
[Result "1-0"]
[WhiteElo "2636"]
[BlackElo "2474"]
[TimeControl "180+1"]
[EndTime "9:22:08 PDT"]
[Termination "Kostya0705 won by checkmate"]

1. e4 e6 2. d4 d5 3. Nc3 Bb4 4. e5 c5 5. a3 Bxc3+ 6. bxc3 Qa5 7. Bd2 Qa4 8. Qg4 Kf8 9. Qd1 Nc6 10. Nf3 Nge7 11.
dxc5 Ng6 12. Rb1 Qe4+ 13. Be2 Nf4 14. Bxf4 Qxf4 15. O-O Nxe5 16. Nxe5 Qxe5 17. c4 g6 18. cxd5 Qxd5 19. Qxd5 exd5 20. Bf3 Be6 21. Rxb7 Kg7 22. c6 Rhc8 23. c7 a5 24. Rfb1 Ra6 25. c4 dxc4 26. Kf1 Rd6 27. R1b5 Rd7 28. Rc5 Rd3 29. Rb8 Rxa3 30. Bb7 Bg4 31. f3 Rxc7 32. Rxc7 Be6 33. Re8 Kf6 34. Be4 Ra1+ 35. Kf2 Ra2+ 36. Kg3 h5 37. Ra8 g5 38. h3 h4+ 39. Kh2 Ke5 40.
Rc5+ Kf4 41. Rcxa5 Rd2 42. Rc5 Ke3 43. Ra3+ Kf4 44.
Raa5 f6 45. Bd5 Bxh3 46. Kxh3 f5 47. Rxc4+ Ke3 48. Ra3+ Kf2 49. Bc6 Kg1 50. Rc1+ Kf2 51. Bb5 g4+ 52. fxg4 fxg4+ 53. Kh2 g3+ 54. Kh1 Re2 55.
Bxe2 Kxe2 56. Rc2+ Kd1 57. Rb2 Kc1 58. Rba2 Kb1 59.
Rf2 gxf2 60. Rf3 Kc2 61. Rxf2+ Kd3 62. Rf4 Ke3 63. Rxh4 Kf2 64. Rf4+ Kg3 65. Rf3+ Kg4 66. Kh2 Kg5 67. Kg3 Kh5 68. Rf5+ Kg6 69. Kg4 Kh6 70. Rf6+ Kg7 71. Kg5 Kh7 72. Rf7+ Kg8 73. Kg6 Kh8 74. g3 Kg8 75. g4 Kh8 76. g5 Kg8 77. Rf6 Kh8 78.
Rf8# 1-0

[Event "Early-Titled-Tuesday-Blitz-October-17-2023"]
[Site "Chess.com"]
[Date "2023.10.17"]
[Round "7"]
[White "Bilan_Danila"]
[Black "Haykoooo0o"]
[Result "0-1"]
[WhiteElo "2573"]
[BlackElo "2456"]
[TimeControl "180+1"]
[EndTime "9:22:11 PDT"]
[Termination "Haykoooo0o won on time"]

1. d4 Nf6 2. Nf3 g6 3. Bg5 Ne4 4. Bh4 d5 5. Nbd2 Bg7 6. e3 O-O 7. Bd3 Nxd2 8. Qxd2 c5 9. c3 cxd4 10. cxd4 Nc6 11. O-O Bg4 12. Rfc1 Bxf3 13. gxf3 Qd7 14.
Bb5 Rac8 15. Rc2 Qf5 16. Bxc6 Rxc6 17. Rxc6 bxc6 18. Kg2 e5 19. dxe5 Bxe5 20. Rc1 Rc8 21. b4 Qe6 22. a4 Kg7 23. Bg3 f6 24. Rc5 h5 25. Bxe5 fxe5 26. Qc3 Qf6 27. b5 Rf8 28. f4 cxb5 29. Rc7+ Kh6 30. axb5 d4 31. exd4 exf4 32. Qd2 Qg5+ 33. Kf1 Qxb5+ 34. Qe2 Qd5 35. Qe7 Qb5+ 36.
Kg2 f3+ 37. Kg3 Qg5+ 38. Qxg5+ Kxg5 39. h4+ Kf5 40. Rxa7 Rd8 41. Ra5+ Kf6 42. d5 Ke5 43. Kxf3 Rf8+ 44. Kg3 Kd6 45. Ra6+ Kxd5 46. Rxg6 Ke4 47. Re6+ Kf5 48. Rh6 Rg8+ 49. Kf3 Rf8 50. Kg3 Rg8+ 51.
Kh2 Kg4 52. Kg2 Kxh4+ 53. Kf1 Kg4 54. Rh7 h4 55. Kg1 Kh3+ 56. Kh1 Rd8 0-1

[Event "Early-Titled-Tuesday-Blitz-October-17-2023"]
[Site "Chess.com"]
[Date "2023.10.17"]
[Round "7"]
[White "Levanzovsky"]
[Black "KVAIDAN"]
[Result "1-0"]
[WhiteElo "2410"]
[BlackElo "2269"]
[TimeControl "180+1"]
[EndTime "9:22:12 PDT"]
[Termination "Levanzovsky won by checkmate"]

1. e4 e5 2. Nf3 d5 3. Nxe5 Bd6 4. d4 dxe4 5. Nc3 Bxe5 6. dxe5 Qxd1+ 7. Kxd1 Bf5 8. Bb5+ c6 9. Ba4 Nd7 10. Re1 O-O-O 11. Bd2 Nc5 12. Bb3 Nh6 13. h3 Rhe8 14. g4 Bg6 15. Kc1 Rxe5 16. f4 e3 17. Rxe3 Rxe3 18.
Bxe3 Nxb3+ 19. axb3 f5 20. g5 Nf7 21. Rxa7 Nd6 22.
Bb6 Re8 23. Na4 Ne4 24. Ra8+ Kd7 25. Rxe8 Kxe8 26. Bd4 b5 27. Bc5 bxa4 28. Bd4 axb3 29. Bxg7 bxc2 30. Kxc2 Nf2 31. h4 Ng4 32. Kc3 Kf7 33.
Bd4 Ke6 34. Kc4 Kd6 35. Bc5+ Kd7 36. Bd4 Nh2 37. Bf2 Kd6 38. Kd4 Bf7 39. b4 Ba2 40. Bg3 Ng4 41. Be1 Nh2 42. Bg3 Nf3+ 43. Ke3 Bd5 44. Bf2 Be4 45. Bg3 Kd5 46. Bf2 Kc4 47.
h5 Nd4 48. g6 hxg6 49. h6 g5 50. h7 gxf4+ 51. Kd2 Nb3+ 52. Ke1 Nc1 53. h8=Q Nd3+ 54.
Kf1 Nxb4 55. Qd4+ Kb5 56. Qc5+ Ka4 57. Be1 Nd3 58. Qc4+ Ka3 59. Bc3 f3 60. Kg1 f2+ 61. Kf1 f4 62. Qxe4 Nc5 63. Qb4+ Ka2 64. Qb2# 1-0

[Event "Early-Titled-Tuesday-Blitz-October-17-2023"]
[Site "Chess.com"]
[Date "2023.10.17"]
[Round "7"]
[White "C_K_G"]
[Black "Witty_Alien"]
[Result "1/2-1/2"]
[WhiteElo "1892"]
[BlackElo "2233"]
[TimeControl "180+1"]
[EndTime "9:22:14 PDT"]
[Termination "Game drawn - insufficient material"]

1. e4 c5 2. Nf3 d6 3. d4 cxd4 4. Nxd4 Nf6 5. Nc3 a6 6. Be2 e5 7. Nb3 Be7 8. Be3 Be6 9. O-O O-O 10. f4 exf4 11. Rxf4 Nc6 12. Rf2 Rc8 13. Qd2 Ne5 14.
h3 Rxc3 15. Qxc3 Nxe4 16. Qe1 Bh4 17. Bf3 Nxf3+ 18. gxf3 Nxf2 19. Bxf2 Bxf2+ 20. Qxf2 Bxh3 21. Rd1 Be6 22. Nd4 Qf6 23. b3 h5 24. c4 h4 25. Kh2 Qf4+ 26. Kh1 h3 27. Re1 Re8 28. Re4 Qc1+ 29. Kh2 Qg5 30. f4 Qg2+ 31. Qxg2 hxg2 32.
f5 Bd7 33. Rxe8+ Bxe8 34. Kxg2 Kh7 35. Kg3 Kh6 36. Kf4 Kh5 37. b4 Kh4 38. Nf3+ Kh5 39.
a3 Bc6 40. Nd4 Kh4 41. b5 axb5 42. cxb5 Bh1 43. a4 g5+ 44. fxg6 fxg6 45. a5 g5+ 46. Ke3 g4 47. Nf5+ Kh3 48. Kf2 Kh2 49. Ng3 Bf3 50.
a6 bxa6 51. bxa6 d5 52. a7 d4 53. Nf1+ Kh3 54. Ng3 d3 55. Nf1 Bg2 56. Nd2 Kh2 57.
Ke3 g3 58. Nf3+ Bxf3 59. Kxf3 d2 60. Ke2 g2 61. a8=Q d1=Q+ 62. Kxd1 g1=Q+ 63. Ke2 Qg2+ 64. Qxg2+ Kxg2 1/2-1/2

[Event "Early-Titled-Tuesday-Blitz-October-17-2023"]
[Site "Chess.com"]
[Date "2023.10.17"]
[Round "7"]
[White "Sychev_Klementy"]
[Black "Polish_fighter3000"]
[Result "0-1"]
[WhiteElo "2846"]
[BlackElo "3046"]
[TimeControl "180+1"]
[EndTime "9:22:16 PDT"]
[Termination "Polish_fighter3000 won on time"]

1. e4 e6 2. d4 c5 3. d5 exd5 4. exd5 d6 5. Nf3 Nf6 6. Nc3 a6 7. a4 Be7 8. Be2 O-O 9. O-O Re8 10.
Re1 h6 11. h3 Bf5 12. Bf4 Bf8 13. Qd2 Ne4 14. Nxe4 Bxe4 15. a5 Nd7 16. c4 Qf6 17. Bg3 g6 18. Rac1 Bg7 19. b3 Bxf3 20. Bxf3 Ne5 21.
Be2 Re7 22. Bf1 Rae8 23. Re2 Qg5 24. Qc2 f5 25. Bxe5 Bxe5 26. Rce1 h5 27. Qd3 h4 28. Qf3 Kf8 29. Kh1 Bd4 30. Re6 Qd2 31. R1e2 Qc1 32. Kg1 Kf7 33. g4 hxg3 34. Qxg3 Rxe6 35. dxe6+ Rxe6 36. Rxe6 Kxe6 37. Qxg6+ Ke7 38. Qxf5 Qe1 39. Qf3 Kd8 40. h4 Kc7 41. h5 Qxa5 42. Bg2 Qe1+ 43. Kh2 Qb4 44. h6 Be5+ 45. Kh3 Kb8 46. h7 Ka7 47.
Kg4 Bc3 48. Qd5 Qxb3 49. f4 a5 50. Qxd6 Qb4 51. Qd7 a4 52. Bxb7 Qxb7 53. Qxa4+ Kb8 54.
Qe8+ Ka7 55. Qa4+ Kb8 56. Qe8+ Qc8+ 57. Qxc8+ Kxc8 58. Kf5 Kd7 59. Kg6 Ke6 60. f5+ Ke7 61. Kg5 Kf7 62. Kf4 Kg7 63. Ke4 Kxh7 64. Kd5 Bd4 0-1

[Event "Early-Titled-Tuesday-Blitz-October-17-2023"]
[Site "Chess.com"]
[Date "2023.10.17"]
[Round "7"]
[White "Maect19"]
[Black "Ariadna_Atreides"]
[Result "1-0"]
[WhiteElo "2238"]
[BlackElo "2205"]
[TimeControl "180+1"]
[EndTime "9:22:16 PDT"]
[Termination "Maect19 won on time"]

1. d4 Nf6 2. Nf3 e6 3. e3 c5 4. Bd3 Be7 5. O-O b6 6. b3 Bb7 7. Bb2 cxd4 8. exd4 O-O 9. c4 d5 10. Nbd2 dxc4 11. Nxc4 Nc6 12. Nce5 Nb4 13. Bb1 Rc8 14. Qe2 Ba6 15. Nc4 Qd5 16. Rc1 Bb7 17. a3 Nc6 18. Bd3 Rfd8 19. Rd1 Qh5 20. Nce5 Nd5 21. Qe4 f5 22. Qe1 Nf4 23. Bf1 Nxe5 24. Qxe5 Bd6 25. Qe3 Bxf3 26. Qxf3 Qxf3 27. gxf3 Kf7 28. Bc4 Rc7 29. Re1 g5 30. Bc1 Rdc8 31. Bxf4 Bxf4 32. Bxe6+ Kf6 33. Bxc8 Rxc8 34. Rad1 Rc3 35. d5 Rc7 36. Re6+ Kf7 37. Rc6 Rd7 38. d6 Ke6 39. Rc7 Rxc7 40. dxc7 Bxc7 41. Rc1 Bd6 42. a4 a6 43. Kf1 b5 44.
Ke2 bxa4 45. bxa4 a5 46. Rc8 Kd5 47. Kd3 Bxh2 48. Rg8 h6 49. Rg6 Bg1 50. Ke2 Bh2 51. Rxh6 Bf4 52. Rf6 Kc4 53. Rxf5 Kb4 54. Kd3 Kxa4 55.
Kc4 Bd2 56. Rd5 Ka3 57. Kd3 Bb4 58. Kc2 a4 59. Rxg5 Ka2 60. f4 a3 61. f5 Ka1 62. Rg1+ Ka2 63. f6 Bd6 64. f7 Be7 65. Rg8 1-0

[Event "Early-Titled-Tuesday-Blitz-October-17-2023"]
[Site "Chess.com"]
[Date "2023.10.17"]
[Round "7"]
[White "Nitzan_Steinberg"]
[Black "Lennis93"]
[Result "1-0"]
[WhiteElo "2851"]
[BlackElo "2709"]
[TimeControl "180+1"]
[EndTime "9:22:17 PDT"]
[Termination "Nitzan_Steinberg won on time"]

1. Nf3 d5 2. g3 Nf6 3. Bg2 Bf5 4. O-O e6 5. d3 h6 6. Nbd2 Bh7 7. Qe1 Nc6 8. a3 Bc5 9. b4 Bb6 10. Bb2 O-O 11.
c4 a5 12. c5 Ba7 13. b5 Nb8 14. Rc1 Nbd7 15. d4 c6 16. a4 Bb8 17. e3 Re8 18. Qe2 e5 19. dxe5 Nxe5 20. Bxe5 Bxe5 21. Nxe5 Rxe5 22.
Nf3 Re7 23. bxc6 bxc6 24. Nd4 Qd7 25. Qb2 Ree8 26. Qb6 Rec8 27. f3 h5 28. h4 Bd3 29.
Rf2 Qe8 30. Re1 Nd7 31. Qb2 Nxc5 32. Qa3 Qf8 33. Rc1 Bc4 34. Bf1 Nb3 35. Qxf8+ Kxf8 36. Rc3 Bxf1 37. Nxb3 Bc4 38. Nd2 Ba6 39. Nb3 Ke7 40.
Rfc2 Kd6 41. Nxa5 c5 42. Nb3 Bc4 43. Nd2 Rxa4 44. Nxc4+ dxc4 45. e4 Rb8 46. Rxc4 Rxc4 47. Rxc4 Rb2 48. Kf1 Kc6 49. f4 Kb5 50. Rc1 c4 51. e5 Kb4 52. f5 Rh2 53. e6 fxe6 54.
fxe6 Ra2 55. Re1 Ra8 56. Ke2 Kb3 57. Ke3 c3 58. e7 c2 59. Kd2 Kb2 60. Rc1 1-0

[Event "Early-Titled-Tuesday-Blitz-October-17-2023"]
[Site "Chess.com"]
[Date "2023.10.17"]
[Round "7"]
[White "MMAHDI2013"]
[Black "salomez"]
[Result "0-1"]
[WhiteElo "2463"]
[BlackElo "2348"]
[TimeControl "180+1"]
[EndTime "9:22:18 PDT"]
[Termination "salomez won on time"]

1. Nf3 Nf6 2. c4 g6 3. b3 Bg7 4. Bb2 d6 5. d4 O-O 6. g3 b6 7. Bg2 Bb7 8. O-O c5 9. Nc3 Nbd7 10. d5 a6 11. Qc2 b5 12. e4 b4 13. Ne2 e5 14. dxe6 Bxe4 15. Qd2 fxe6 16. Qxd6 Qb6 17. Qxb6 Nxb6 18. Nf4 Nh5 19. Bxg7 Nxg7 20. Rfe1 Bxf3 21. Bxf3 Rae8 22. Bg2 e5 23. Nd3 Nd7 24. Bc6 Re7 25. f4 Nf5 26. Bxd7 Rxd7 27. Nxc5 Rd2 28. Rad1 Rxa2 29. Rxe5 a5 30. Ne6 Re8 31. c5 Rc2 32. Ra1 Rxe6 33. Rxe6 Nd4 34. Re8+ Kf7 35. Re4 Nf3+ 36.
Kf1 Nd2+ 37. Ke1 Nxe4 38. Kd1 Rxc5 39. Ke2 Nc3+ 40. Kd3 Rd5+ 41. Kc4 Rh5 42. h4 Rf5 43.
Rf1 h6 44. g4 Rf6 45. Ra1 Ra6 46. Kc5 Ra8 47. Kc4 Ra7 48. Kc5 Ra8 49. Kc4 h5 50. gxh5 gxh5 51. Kc5 Kf6 52. Kc4 Kf5 53. Rf1 Rc8+ 54. Kd4 a4 55. bxa4 b3 56. Rf3 b2 0-1